 Dungeon Crawl Stone Soup version 0.23.2-40-g277498a001 (webtiles) character file.

Game seed: 12817525447001431465

101 Amplified the Skirmisher (level 4, -3/37 HPs)
             Began as a Demonspawn Monk on Sept 9, 2019.
             Slain by an iguana (9 damage)
             ... on level 4 of the Dungeon.
             The game lasted 00:01:53 (1608 turns).

Amplified the Skirmisher (Demonspawn Monk)          Turns: 1608, Time: 00:01:54

Health: -3/37      AC:  2    Str: 12    XL:     4   Next: 48%
Magic:  0/4        EV: 13    Int: 11    God:
Gold:   82         SH:  0    Dex: 16    Spells: 3/3 levels left

rFire    . . .     SeeInvis .   a - +0 mace
rCold    . . .     Gourm    .   (no shield)
rNeg     . . .     Faith    .   b - +0 robe
rPois    .         Spirit   +   (helmet restricted)
rElec    .         Reflect  .   (no cloak)
rCorr    .         Harm     .   (no gloves)
MR       .....                  (no boots)
Stlth    ++........             (no amulet)
HPRegen  0.12/turn              (no ring)
MPRegen  0.09/turn              (no ring)

@: lethally poisoned (-3 -> -4), berserk cooldown, slowed, very slow
A: antennae 1, spiny 1, magic shield
a: no special abilities


You were on level 4 of the Dungeon.
You were not hungry.

You visited 1 branch of the dungeon, and saw 4 of its levels.

You collected 82 gold pieces.

Inventory:

Hand Weapons
 a - a +0 mace (weapon)
Armour
 b - a +0 robe (worn)
Scrolls
 g - a scroll of enchant weapon
 h - a scroll of remove curse
Potions
 f - 2 potions of flight
Comestibles
 c - 3 rations
 d - 2 chunks of flesh


   Skills:
 * Level 3.9 Fighting
 - Level 3.1 Maces & Flails
 + Level 1.2 Armour
 + Level 3.1 Dodging
 - Level 1.7 Stealth
 * Level 1.3 Unarmed Combat


You had 3 spell levels left.
You didn't know any spells.
Your spell library was empty.

Dungeon Overview and Level Annotations

Branches:
Dungeon (4/15)
 Temple: D:4-7

Altars:
Dithmenos
Hepliaklqana
Sif Muna
The Shining One


Innate Abilities, Weirdness & Mutations

You have a pair of small antennae on your head.
You are partially covered in sharp spines.
When hurt, damage is shared between your health and your magic reserves.


Message History

You feel forgetful for a moment.
Okay, then.
You aren't carrying any items that you can evoke.
Unknown command.
You aren't carrying any pieces of jewellery.
Unknown command.
Sorry, you're not good enough to have a special ability.
Unknown command.
Okay, then.
Okay, then.
You feel sick. The iguana bites you.
* * * LOW HITPOINT WARNING * * *
The iguana barely misses you.
Unknown command.
You hit the iguana.
The iguana is lightly wounded.
The iguana is struck by your spines. The iguana bites you.
* * * LOW HITPOINT WARNING * * *
The iguana bites you!
You die...

......# #.#...#
####.##..#
#####....##..#
#............##..
#............##.#
#...........###.#
#....@l.†.......#
############.##.#
.. #..#.# #.
####..#.#
.#####.##.....#.#
.......<#.......#
.#####..)....#..#
#########..#
##_## #..#


You could see an iguana.

Vanquished Creatures
  A worker ant (D:4)
  3 adders
  A dart slug (D:2)
  A leopard gecko (D:1)
  2 orcs
  2 ball pythons
  3 giant cockroaches
  11 goblins
  2 hobgoblins (D:2)
  3 kobolds
  2 quokkas (D:2)
  4 bats
  5 frilled lizards
  4 rats
44 creatures vanquished.

Notes
Turn   | Place    | Note
-------+----------+-------------------------------------------
     0 | D:1      | Amplified the Demonspawn Monk began the quest for the Orb.
     0 | D:1      | Reached XP level 1. HP: 18/18 MP: 1/1
   306 | D:1      | Gained mutation: You are partially covered in sharp spines.
                  | [demonic ancestry]
   306 | D:1      | Reached XP level 2. HP: 19/24 MP: 2/2
   817 | D:2      | Gained mutation: You have a pair of small antennae on your
                  | head. [demonic ancestry]
   817 | D:2      | Reached XP level 3. HP: 19/29 MP: 3/3
  1175 | D:2      | Found a shadowy altar of Dithmenos.
  1245 | D:2      | Reached skill level 1 in Armour
  1560 | D:3      | Reached skill level 1 in Unarmed Combat
  1560 | D:3      | Gained mutation: When hurt, damage is shared between your
                  | health and your magic reserves. [demonic ancestry]
  1560 | D:3      | Reached XP level 4. HP: 33/37 MP: 4/4
  1567 | D:4      | Found a hazy altar of Hepliaklqana.
  1567 | D:4      | Found a glowing golden altar of the Shining One.
  1570 | D:4      | Found a deep blue altar of Sif Muna.
  1608 | D:4      | Slain by an iguana

Skill      XL: |  1  2  3 |
---------------+----------+-----
Maces & Flails | 3 |  3.1
Armour         | 1 |  1.2
Dodging        | 3 |  3.1
Unarmed Combat | 1 |  1.3
Fighting       | |  3.9
Stealth        | |  1.7

Action                   |  1- 3 |  4- 6 || total
-------------------------+-------+-------++-------
Melee: Mace              |    82 |    15 ||    97
  Use: Scroll            |     6 |     2 ||     8
       Potion            |     2 |     1 ||     3
 Stab: Sleeping          |     6 |       ||     6
  Eat: Chunk             |     2 |       ||     2
Armor: Robe              |    11 |       ||    11
Dodge: Dodged            |    58 |    11 ||    69
